 Dungeon Crawl Stone Soup version 0.26-a0-849-gf1512cd430 (webtiles) character file.

Game seed: 6501182355240828551

10915 Glokmah the Cleaver (level 11, -10/99 HPs)
             Began as a Grey Draconian Berserker on Nov 20, 2020.
             Was a High Priest of Trog.
             Mangled by a large abomination (27 damage)
             ... on level 1 of the Abyss.
             The game lasted 00:24:17 (10251 turns).

Glokmah the Cleaver (Grey Draconian Berserker)     Turns: 10251, Time: 00:24:18

Health: -10/99     AC: 29    Str: 20    XL:     11   Next: 42%
Magic:  11/11      EV: 17    Int:  7    God:    Trog [*****.]
Gold:   602        SH:  5    Dex: 14    Spells: 10/10 levels left

rFire    . . .     SeeInvis .   a - +3 war axe (freeze)
rCold    . . .     Faith    +   G - +0 buckler
rNeg     . . .     Spirit   .   (armour unavailable)
rPois    .         Reflect  .   (helmet restricted)
rElec    .         Harm     .   J - +2 cloak
rCorr    .         Rampage  .   g - +2 pair of gloves
MR       .....                  x - +2 pair of boots
Stlth    +.........             o - amulet of faith
HPRegen  0.26/turn              m - +4 ring of protection
MPRegen  0.12/turn              i - +4 ring of protection

@: no status effects
A: walk through water, unfitting armour, unbreathing, cold-blooded, AC +12
a: Berserk, Trog's Hand, Brothers in Arms, Renounce Religion


You were on level 1 of the Abyss.
You worshipped Trog.
Trog was extremely pleased with you.
You visited 2 branches of the dungeon, and saw 10 of its levels.
You visited the Abyss 1 time.

You collected 602 gold pieces.

Inventory:

Hand Weapons
 a - a +3 war axe of freezing (weapon)
 b - a +2 hand axe of electrocution
 c - the cursed +2 mace of Radicalism {speed, rN+ MP+9 Str-2}
   (You found it on level 5 of the Dungeon)

   Attacks with this weapon are significantly faster.
   It affects your strength (-2).
   It protects you from negative energy.
   It affects your magic capacity (+9).
   It has a curse placed upon it.
Missiles
 h - 20 poisoned darts (quivered)
 j - 225 stones
 r - 14 bolts
 v - 15 boomerangs
 K - 2 silver javelins
Armour
 g - a +2 pair of gloves (worn)
 x - a +2 pair of boots (worn)
 G - a +0 buckler (worn)
 J - a +2 cloak (worn)
Jewellery
 f - a +4 ring of evasion
 i - a +4 ring of protection (right hand)
 l - an uncursed ring of see invisible
 m - a +4 ring of protection (left hand)
 o - an amulet of faith (around neck)
 q - an uncursed ring of poison resistance
 y - an uncursed amulet of reflection
 F - the amulet of Vitality {Regen+ HP+15}
   (You found it on level 9 of the Dungeon)

   [amulet of regeneration]

   It affects your health (+15).
   It increases your rate of regeneration.
 I - an uncursed ring of fire
 L - a +6 ring of dexterity
Wands
 k - a wand of random effects (19)
 E - a wand of disintegration (12)
 O - a wand of acid (15)
 Q - a wand of polymorph (7)
Scrolls
 d - 4 scrolls of remove curse
 p - 3 scrolls of immolation
 s - 4 scrolls of teleportation
 w - a scroll of enchant armour
 C - a scroll of noise
 D - 2 scrolls of fog
Potions
 e - 6 potions of haste
 n - a potion of degeneration
 t - a potion of brilliance {unknown}
 u - 3 potions of attraction
 z - 2 potions of flight
 A - 3 potions of curing
 B - a potion of magic {unknown}
 H - a potion of resistance
 M - a potion of might {unknown}
 P - a potion of heal wounds


   Skills:
 + Level 9.8 Fighting
 * Level 12.2 Axes
 + Level 8.3 Dodging
 + Level 6.3 Shields


You had 10 spell levels left.
You didn't know any spells.
Your spell library was empty.

Dungeon Overview and Level Annotations

Branches:
Dungeon (9/15)             Temple (0/1) D:4            Lair (1/6) D:9
    Orc: D:9-12

Altars:
Ashenzari
Elyvilon
Gozag
Makhleb
Nemelex Xobeh
Okawaru
Qazlal
Wu Jian
Xom
Yredelemnul
The Shining One

Shops:
D:8 }

Annotations:
Lair:1 Sonja


Innate Abilities, Weirdness & Mutations

You can walk through water.
Your dull iron-grey scales are very hard. (AC +12)
You cannot fit into any form of body armour.
You can survive without breathing.
You are cold-blooded and may be slowed by cold attacks.


Message History

You tail-slap the glowing orange brain.
The glowing orange brain is moderately wounded.
You hit the large abomination but do no damage.
The large abomination hits you!
You hit the glowing orange brain. You freeze the glowing orange brain.
The glowing orange brain is moderately wounded.
You slash the large abomination! You freeze the large abomination.
The glowing orange brain blinks!
The large abomination hits you!!
You barely miss the large abomination.
You tail-slap the large abomination, but do no damage.
The large abomination is lightly damaged.
You slash the large abomination! You freeze the large abomination.
The large abomination is moderately damaged.
The large abomination hits you!!
* * * LOW HITPOINT WARNING * * *
You hit the large abomination but do no damage.
You tail-slap the large abomination, but do no damage.
The large abomination is moderately damaged.
The large abomination hits you!!
You die...

.### ## .## #.#
##... # ###.#
###.### .##
#.##§§#
#.....##. .
##.#.###.......
###.....#
#....# #.....##
.. . ### #
###@# ##§...#
......X...# ...
#.
.....Gx...#.# .
)
..........###.
. # . .
..........# ...
## ..........#
...
..(.......##.
... .
...#####..# #
.#. # . ## . #.
#


You could see a glowing orange brain, a large abomination and a small
abomination (summoned).

Vanquished Creatures
  A tentacled starspawn (Abyss:1)
  A yellow draconian (Abyss:1)
  A worldbinder (Abyss:1)
  An ugly thing (D:7)
  A troll (D:9)
  A hornet (D:9)
  A blink frog (Lair:1)
  2 small abominations (Abyss:1)
  4 yaks (D:9)
  A vampire (Abyss:1)
  Grum (D:9)
  3 wargs (D:9)
  3 water moccasins (D:9)
  A sky beast (D:5)
  A black bear (D:6)
  3 orc warriors
  An eye of draining (D:8)
  2 ogres
  A phantom (D:6)
  4 wolves (D:9)
  3 centaurs
  10 bullfrogs
  A scorpion (D:8)
  A water moccasin skeleton (D:2)
  2 howler monkeys
  9 electric eels (D:8)
  A quasit (Abyss:1)
  6 hounds
  11 orc priests
  2 bullfrog skeletons
  A jelly (D:7)
  6 orc wizards
  2 centaur skeletons (D:4)
  2 iguanas
  Ijyb (D:4)
  5 worker ants
  2 hound skeletons
  2 worker ant zombies (D:5)
  11 gnolls
  2 gnoll zombies (D:9)
  A howler monkey skeleton (D:9)
  16 adders
  3 white imps (D:6)
  3 ufetubi
  4 oozes
  An adder zombie (D:7)
  3 adder skeletons
  4 worms
  A dart slug (D:1)
  8 leopard geckos
  42 orcs
  3 giant cockroaches
  10 goblins
  6 hobgoblins
  6 jackals
  4 quokkas
  2 ball pythons
  12 bats
  4 frilled lizards
  5 kobolds
  A leopard gecko skeleton (D:6)
  8 rats
  A starspawn tentacle (Abyss:1)
262 creatures vanquished.

Vanquished Creatures (collateral kills)
  A hydra (Lair:1)
  A black mamba (Lair:1)
  Maggie (Lair:1)
  A cane toad (Lair:1)
  2 blink frogs (Lair:1)
  Prince Ribbit (Lair:1)
  A bullfrog (Lair:1)
8 creatures vanquished.

Vanquished Creatures (others)
  An orc wizard (D:9)
  3 plants (D:2)
  A starspawn tentacle (Abyss:1)
5 creatures vanquished.

Grand Total: 275 creatures vanquished

Notes
Turn   | Place    | Note
-------+----------+-------------------------------------------
     0 | D:1      | Glokmah the Draconian Berserker began the quest for the
                  | Orb.
     0 | D:1      | Reached XP level 1. HP: 19/19 MP: 1/1
    86 | D:1      | Reached XP level 2. HP: 22/26 MP: 2/2
   661 | D:2      | Reached XP level 3. HP: 23/33 MP: 3/3
   777 | D:2      | Reached skill level 4 in Axes
   777 | D:2      | Reached XP level 4. HP: 27/40 MP: 4/4
   929 | D:2      | Reached ** piety under Trog
  1192 | D:2      | Reached XP level 5. HP: 46/46 MP: 5/5
  1423 | D:2      | Found a white marble altar of Elyvilon.
  1898 | D:3      | Reached skill level 5 in Axes
  1928 | D:3      | Found a broken altar of Ashenzari.
  2028 | D:3      | Reached *** piety under Trog
  2236 | D:3      | Found a faded altar of an unknown god.
  2409 | D:3      | Found an ornate altar of the Wu Jian Council.
  2488 | D:3      | Reached XP level 6. HP: 53/53 MP: 6/6
  2862 | D:4      | Noticed Ijyb
  2878 | D:4      | Killed Ijyb
  3029 | D:4      | Reached skill level 5 in Fighting
  3056 | D:4      | Reached **** piety under Trog
  3057 | D:4      | Reached skill level 6 in Axes
  3096 | D:4      | Your scales start taking on a dull iron-grey colour.
  3096 | D:4      | Reached XP level 7. HP: 61/61 MP: 7/7
  3096 | D:4      | Gained mutation: You can survive without breathing. [Grey
                  | Draconian growth]
  3238 | D:4      | Found a stormy altar of Qazlal.
  3238 | D:4      | Found an iron altar of Okawaru.
  3288 | D:4      | Found a staircase to the Ecumenical Temple.
  3374 | D:4      | Found a burning altar of Makhleb.
  3489 | D:5      | Entered Level 5 of the Dungeon
  3756 | D:5      | Found a sparkling altar of Nemelex Xobeh.
  3756 | D:5      | Found a basalt altar of Yredelemnul.
  3917 | D:5      | Reached skill level 7 in Axes
  3924 | D:5      | Reached skill level 5 in Dodging
  3936 | D:5      | Reached XP level 8. HP: 70/70 MP: 8/8
  4008 | D:5      | Got a dazzling mace
  4609 | D:6      | Reached ***** piety under Trog
  4740 | D:6      | Reached skill level 8 in Axes
  4747 | D:6      | Identified the cursed +2 mace of Radicalism {speed, rN+
                  | MP+9 Str-2} (You found it on level 5 of the Dungeon)
  5706 | D:7      | Reached XP level 9. HP: 79/79 MP: 9/9
  5766 | D:7      | Noticed a cyan ugly thing
  5778 | D:7      | Reached skill level 9 in Axes
  5778 | D:7      | Reached skill level 1 in Shields
  5781 | D:7      | Killed a cyan ugly thing
  5977 | D:7      | Found Cuinuntu's Book Emporium.
  6540 | D:8      | Found Ynlib's Gadget Shoppe.
  6553 | D:8      | Found a shimmering altar of Xom.
  6557 | D:8      | Found a glowing golden altar of the Shining One.
  6558 | D:8      | Found an opulent altar of Gozag.
  6895 | D:8      | HP: 3/80 [electric eel/bolt of electricity (12)]
  7969 | D:9      | Found a transporter.
  7969 | D:9      | Found the amulet of Vitality {Regen+ HP+15}
  7973 | D:9      | Received a gift from Trog
  7974 | D:9      | Reached skill level 10 in Axes
  7991 | D:9      | Paralysed by a hornet for 1 turns
  7994 | D:9      | Paralysed by a hornet for 2 turns
  8234 | D:9      | Found a transporter.
  8242 | D:9      | Reached XP level 10. HP: 88/88 MP: 10/10
  8258 | D:9      | Got a pair of steaming boots
  8402 | D:9      | Identified the -7 pair of boots of the Silversmith {Harm
                  | rElec Int+4} (You found it on level 9 of the Dungeon)
  8600 | D:9      | Noticed Grum
  8621 | D:9      | Killed Grum
  8759 | D:9      | Found a staircase to the Lair.
  8766 | D:9      | Reached skill level 11 in Axes
  8768 | D:9      | Reached ****** piety under Trog
  9078 | D:9      | Reached skill level 5 in Shields
  9292 | Lair:1   | Entered Level 1 of the Lair of Beasts
  9309 | Lair:1   | Noticed an eight-headed hydra
  9314 | Lair:1   | Killed a ten-headed hydra
  9740 | Lair:1   | Noticed a cane toad
  9740 | Lair:1   | Noticed Prince Ribbit
  9741 | Lair:1   | Noticed Maggie
  9742 | Lair:1   | Noticed a black mamba
  9745 | Lair:1   | Killed Prince Ribbit
  9745 | Lair:1   | Received a gift from Trog
  9746 | Lair:1   | Killed a black mamba
  9749 | Lair:1   | Killed Maggie
  9751 | Lair:1   | Killed a cane toad
  9757 | Lair:1   | Reached XP level 11. HP: 74/97 MP: 11/11
  9875 | Lair:1   | Noticed Sonja
  9884 | Lair:1   | Cast into level 1 of the Abyss (Sonja)
 10026 | Abyss:1  | Noticed a large abomination
 10036 | Abyss:1  | Noticed a yellow draconian
 10048 | Abyss:1  | Killed a yellow draconian
 10164 | Abyss:1  | Noticed a tentacled starspawn
 10173 | Abyss:1  | Killed a tentacled starspawn
 10174 | Abyss:1  | Reached skill level 12 in Axes
 10240 | Abyss:1  | Noticed a glowing orange brain
 10251 | Abyss:1  | Mangled by a large abomination

Illustrated notes

Levels and vault maps discovered:
D:1:      wander_arrival_peaceful_grave, layout_loops_ring,
          corexii_item_surrounded_by_moat
D:2:      layout_loops_ring, lemuel_doored_altar, serial_bayou_ford_a,
          chequers_decorated_corner
D:3:      layout_loops_ring, marbit_many_paths, ashenzari_altar_1,
          chequers_ecumenical_altar_lobes, kennysheep_nub
D:4:      layout_rooms, gammafunk_temple_overflow_elements,
          nicolae_overflow_hidden_temple, minmay_temple_entry_fiery,
          minmay_statues_item, minmay_diced_spiral, uniq_ijyb
D:5:      minmay_spotlight, layout_basic, gammafunk_temple_overflow_wave,
          nrook_campfire
D:6:      layout_loops_ring
D:7:      layout_basic, serial_shops, shop
D:8:      layout_basic, minitemple, serial_shops, nicolae_shop_waterfront,
          amethyst_killhole, kennysheep_boxes
D:9:      gammafunk_cloud_chamber, layout_long_grid, erik_lair_orcish_takeover,
          uniq_grum
Lair:1:   minmay_lair_venomous_thicket, layout_gridlike, uniq_gastronok,
          uniq_sonja, uniq_prince_ribbit2, uniq_maggie
Abyss:1:  base:
D:15

Skill      XL: |  1  2  3  4  5  6  7  8  9 10 11 |
---------------+----------------------------------+-----
Dodging        | 3 4 5 6 7 8 |  8.3
Fighting       | 4 5 7 8 9 |  9.8
Axes           | 4 5 6 7 8 10 11 12 | 12.2
Shields        | 4 5 6 |  6.3

Action                   |  1- 3 |  4- 6 |  7- 9 | 10-12 || total
-------------------------+-------+-------+-------+-------++-------
Melee: Hand axe          |    85 |   210 |    25 |       ||   320
       Tailslap          |    12 |    22 |    41 |    28 ||   103
       War axe           |       |       |   307 |   154 ||   461
Throw: Dart              |       |       |       |     5 ||     5
Invok: Berserk           |     1 |     2 |     5 |     4 ||    12
       Trog's Hand       |       |       |     1 |     2 ||     3
       Brothers in Arms  |       |       |       |     2 ||     2
  Use: Scroll            |       |    13 |    10 |     8 ||    31
 Stab: Sleeping          |       |       |     4 |       ||     4
Armor: Skin              |    39 |    76 |   122 |    73 ||   310
Dodge: Dodged            |    88 |   151 |   236 |   116 ||   591
Block: Buckler           |       |       |       |    36 ||    36

Table legend: (Time is in decaauts)
 A = Elapsed time spent in this place.
 B = Non-inter-level travel time spent in this place.
 C = Inter-level travel time spent in this place.
 D = Time resting spent in this place.
 E = Time spent auto-exploring this place.
 F = Levels seen in this place.
 G = Mean time per level.
                   A        B        C        D        E       F      G
               +--------+--------+--------+--------+--------+-----+--------+
         Total |  10433 |   9444 |    989 |   1306 |   5619 |  11 |  948.5 |
       Dungeon |   9718 |   8761 |    957 |   1065 |   5502 |   9 | 1079.8 |
          Lair |    321 |    290 |     31 |      0 |    117 |   1 |  321.0 |
         Abyss |    392 |    392 |      0 |    241 |      0 |   1 |  392.0 |
               +--------+--------+--------+--------+--------+-----+--------+

Top non-repeatable levels by time:
     D:8: 1770 daAuts
     D:3: 1197 daAuts
     D:9: 1195 daAuts
     D:2: 1108 daAuts
     D:5: 1035 daAuts
     D:7: 1032 daAuts
     D:6: 978 daAuts
     D:1: 729 daAuts
     D:4: 671 daAuts
 Abyss:1: 392 daAuts
  Lair:1: 321 daAuts
